 Dungeon Crawl Stone Soup version 0.29-a0-330-g52719c12eb (webtiles) character file.

Game seed: 17283609756099856354

3833 dohliylev the Grappler (level 9, 0/80 HPs)
             Began as a Troll Warper on May 10, 2022.
             Was an Initiate of Okawaru.
             Slain by an orc warrior
             ... wielding a +2 hand axe of venom
              (3 damage)
             ... on level 6 of the Dungeon.
             The game lasted 00:18:26 (6050 turns).

dohliylev the Grappler (Troll Warper)               Turns: 6050, Time: 00:18:26

Health: 0/80       AC: 12    Str: 25    XL:     9   Next: 98%
Magic:  10/10      EV: 12    Int:  9    God:    Okawaru [......]
Gold:   778        SH: 12    Dex:  9    Spells: 9/11 levels left

rFire   + + +      SeeInvis .     - Unarmed
rCold   x x .      Faith    .   y - +0 kite shield
rNeg    . . .      Spirit   .   s - +0 fire dragon scales
rPois   .          Reflect  +   (helmet restricted)
rElec   .          Harm     .   r - +0 cloak {Will+}
rCorr   .          Rampage  .   (gloves unavailable)
Will    +....                   (boots unavailable)
Stlth   ..........              C - amulet of reflection
HPRegen 1.03/turn               n - ring of fire
MPRegen 0.12/turn               a - +4 ring of evasion

@: lethally poisoned (0 -> -4)
A: large, unfitting armour, claws 3, regeneration 1, shaggy fur 1, tough skin 1
a: Renounce Religion


You were on level 6 of the Dungeon.
You worshipped Okawaru.
Okawaru was noncommittal.
You visited 2 branches of the dungeon, and saw 10 of its levels.
You also visited: Bailey.

You collected 778 gold pieces.

Inventory:

Missiles
 c - 13 boomerangs of dispersal
 B - 18 boomerangs (quivered)
Armour
 r - a +0 cloak of willpower (worn)
 s - +0 fire dragon scales (worn)
 y - a +0 kite shield (worn)
 E - a +2 robe of willpower
Jewellery
 a - a +4 ring of evasion (right claw)
 n - a ring of fire (left claw)
 C - an amulet of reflection (around neck)
 D - a ring of flight
 F - an amulet of magic regeneration
 G - an amulet of guardian spirit
Wands
 q - a wand of flame (30)
 v - a wand of digging (2)
Scrolls
 b - a scroll of blinking
 f - a scroll of immolation {unknown}
 g - 6 scrolls of teleportation
 j - 3 scrolls of enchant armour
 k - a scroll of fog {unknown}
 l - 2 scrolls of holy word {unknown}
 o - 2 scrolls of brand weapon
 u - a scroll of vulnerability
 w - a scroll of enchant weapon {unknown}
 z - 2 scrolls of silence {unknown}
 A - a scroll of torment {unknown}
 H - a scroll of identify
Potions
 d - 4 potions of curing {unknown}
 e - 2 potions of might
 h - 2 potions of lignification {unknown}
 i - 2 potions of mutation {unknown}
 m - 2 potions of ambrosia {unknown}
 p - 4 potions of flight
 t - 4 potions of heal wounds {unknown}
 x - a potion of attraction {unknown}


   Skills:
 + Level 2.9 Fighting
 + Level 2.0 Throwing
 + Level 3.9 Armour
 * Level 6.2 Dodging
 + Level 3.7 Shields
 + Level 9.4 Unarmed Combat
 + Level 1.7 Spellcasting
 + Level 2.6 Translocations


You had 9 spell levels left.
You knew the following spells:

 Your Spells              Type           Power      Damage    Failure   Level
a - Blink                 Tloc           10%        N/A       73%         2

Your spell library contained the following spells:

 Spells                   Type           Power      Damage    Failure   Level
 Pain                     Necr           0%         1d4       91%         1
 Sting                    Tmut/Pois      0%         1d3       91%         1
 Gell's Gravitas          Tloc           5%         N/A       91%         3
 Lesser Beckoning         Tloc           5%         N/A       91%         3
 Teleport Other           Tloc           5%         N/A       91%         3
 Ensorcelled Hibernation  Hex/Ice        0%         N/A       97%         2
 Ignite Poison            Fire/Tmut/Pois 1%         N/A       100%        3
 Inner Flame              Hex/Fire       1%         N/A       100%        3
 Mephitic Cloud           Conj/Pois/Air  0%         N/A       100%        3
 Spider Form              Tmut/Pois      0%         N/A       100%        3
 Anguish                  Hex/Necr       0%         N/A       100%        4
 Excruciating Wounds      Necr           0%         N/A       100%        5
 Fireball                 Conj/Fire      0%         3d3       100%        5
 Freezing Cloud           Conj/Ice/Air   0%         6-21      100%        5
 Manifold Assault         Tloc           5%         N/A       100%        5
 Silence                  Hex/Air        0%         N/A       100%        5
 Starburst                Conj/Fire      0%         6d3       100%        6
 Haunt                    Necr/Summ      Unusable   N/A       N/A         7

Dungeon Overview and Level Annotations

Branches:
Dungeon (9/15)             Temple (1/1) D:7            Lair (0/6) D:8
 Bailey (visited)
    Orc: D:9-12

Altars:
Ashenzari
Cheibriados
Dithmenos
Elyvilon
Fedhas
Gozag
Hepliaklqana
Kikubaaqudgha
Makhleb
Nemelex Xobeh
Okawaru
Qazlal
Ru
Sif Muna
Trog
Uskayaw
Vehumet
Wu Jian
Xom
Yredelemnul
Zin
The Shining One

Shops:
D:1 ?:   D:5 [

Annotations:
D:5 1 runed translucent door, funaii's ghost, novice BaSu


Innate Abilities, Weirdness & Mutations

You are too large for most types of armour.
You have claws for hands.
Your natural rate of healing is unusually fast.
You are covered in fur. (AC +1)
You have tough skin. (AC +1)


Message History

You are no longer poisoned.
You closely miss the orc warrior.
The orc warrior hits you with a +2 hand axe of venom!
You are poisoned.
You scratch the orc warrior.
The orc warrior is lightly wounded.
You feel very sick. You block the orc warrior's attack.
You scratch the orc warrior.
The orc warrior is moderately wounded.
You feel very sick. You block the orc warrior's attack.
You scratch the orc warrior.
The orc warrior is heavily wounded.
You feel sick. You block the orc warrior's attack.
You barely miss the orc warrior.
The orc warrior is heavily wounded.
You feel sick. You block the orc warrior's attack.
You scratch the orc warrior.
The orc warrior is severely wounded.
You feel sick.
The orc warrior hits you with a +2 hand axe of venom!
* * * LOW HITPOINT WARNING * * *
You are more poisoned.
You scratch the orc warrior but do no damage.
The orc warrior is severely wounded.
You feel very sick.
The orc warrior hits you with a +2 hand axe of venom!
* * * LOW HITPOINT WARNING * * *
You scratch the orc warrior but do no damage.
The orc warrior is severely wounded.
* * * LOW HITPOINT WARNING * * *
You feel very sick. The orc warrior misses you.
You scratch the orc warrior.
The orc warrior is severely wounded.
* * * LOW HITPOINT WARNING * * *
You feel very sick.
The orc warrior hits you with a +2 hand axe of venom.
You die...

........))#'# #.# #..#
..........#)### #.# #..#
........#.))..# #.# #..#
..##..........+ #.# #..#
..##.#####....# #.#####.####..#
.....# #....# ..............#
.###.#####....# #######.#####.#
..............###########.#####.#
.#...........ooo@.......>....##.#
.....#######+#####.#########.##.#
.#.......# # # #.# ###+##.#
.........###.#####.#######.....^.
.#.......#.#.#.#.#.#.#.#.#.....#.
..........#.#.#.#.#.#.#.#'.....+#
.....#.#.#.#[#.#.#.#.#.#.#.....#.
###+#.#.#.#.#.#.#.#†#.#.#........
#.#+#.#.#.#.#(#.#.#.#.#.#.#+#.##


You could see an orc warrior and 2 orcs.

Vanquished Creatures
  An orc knight (Bailey)
  A troll (D:7)
  Grinder (D:3)
  2 water moccasins (D:7)
  8 orc warriors (Bailey)
  An ice beast (D:7)
  A sky beast (D:7)
  2 black bears
  An ogre (D:5)
  2 centaurs (D:7)
  6 scorpions
  2 howler monkeys (D:7)
  A jelly (D:5)
  A gnoll shaman (D:5)
  4 orc priests
  A hound (D:5)
  Crazy Yiuf (D:3)
  Terence (D:3)
  10 iguanas
  Natasha (thrice) (D:3)
  4 orc wizards
  8 gnolls
  11 adders
  A shadow imp (D:7)
  A white imp (D:5)
  2 worms
  6 dart slugs
  16 orcs
  8 endoplasms
  2 giant cockroaches
  6 goblins
  10 hobgoblins
  4 jackals (D:1)
  14 kobolds
  3 quokkas
  5 ball pythons
  3 bats
  4 frilled lizards
  8 rats
166 creatures vanquished.

Vanquished Creatures (others)
  A fungus (D:8)
  4 plants (D:8)
5 creatures vanquished.

Grand Total: 171 creatures vanquished

Notes
Turn   | Place    | Note
-------+----------+-------------------------------------------
     0 | D:1      | dohliylev the Troll Warper began the quest for the Orb.
     0 | D:1      | Reached XP level 1. HP: 19/19 MP: 1/1
    86 | D:1      | Reached XP level 2. HP: 27/27 MP: 3/3
   161 | D:1      | Found Utawotin's Magic Scroll Boutique.
   453 | D:1      | Found Xaesk's Book Shop.
   721 | D:1      | Learned a level 2 spell: Blink
   767 | D:2      | Reached XP level 3. HP: 33/33 MP: 4/4
   941 | D:2      | Found a faded altar of an unknown god.
  1497 | D:2      | Reached XP level 4. HP: 39/42 MP: 5/5
  1680 | D:3      | Reached skill level 3 in Unarmed Combat
  1729 | D:3      | Reached XP level 5. HP: 49/49 MP: 6/6
  1777 | D:3      | Noticed Natasha
  1784 | D:3      | Killed Natasha
  1803 | D:3      | Noticed Natasha
  1810 | D:3      | Killed Natasha
  1811 | D:3      | Reached skill level 4 in Unarmed Combat
  1845 | D:3      | Noticed Grinder
  1845 | D:3      | Paralysed by Grinder for 6 turns
  1857 | D:3      | Paralysed by Grinder for 4 turns
  1871 | D:3      | Killed Grinder
  1872 | D:3      | Reached skill level 5 in Unarmed Combat
  1872 | D:3      | Reached XP level 6. HP: 57/57 MP: 7/7
  1919 | D:3      | Noticed Natasha
  1927 | D:3      | Killed Natasha
  2030 | D:3      | Noticed Terence
  2040 | D:3      | Killed Terence
  2166 | D:3      | Found a runed translucent door.
  2167 | D:3      | Noticed Crazy Yiuf
  2172 | D:3      | Killed Crazy Yiuf
  2483 | D:4      | Reached XP level 7. HP: 64/65 MP: 8/8
  2561 | D:4      | Reached skill level 6 in Unarmed Combat
  2827 | D:5      | Entered Level 5 of the Dungeon
  2900 | D:5      | Got the Handbook of Ghastly Hexes
  2985 | D:5      | Reached skill level 1 in Armour
  2993 | D:5      | Reached skill level 7 in Unarmed Combat
  3047 | D:5      | Reached XP level 8. HP: 70/74 MP: 9/9
  3192 | D:5      | Found a burning altar of Makhleb.
  3322 | D:5      | Found Omuit's Antique Armour Shop.
  3335 | D:5      | Found a runed translucent door.
  3335 | D:5      | Noticed funaii's ghost (novice BaSu)
  3799 | D:6      | Reached skill level 8 in Unarmed Combat
  3826 | D:6      | You fall into a shaft and drop 2 floors!
  3826 | D:8      | Found a staircase to the Lair.
  3886 | D:7      | Reached skill level 1 in Shields
  3919 | D:7      | Reached skill level 5 in Dodging
  4067 | D:7      | Found a staircase to the Ecumenical Temple.
  4077 | D:7      | Reached XP level 9. HP: 71/80 MP: 10/10
  4181 | D:7      | Found a flagged portal.
  4213 | Bailey   | Entered a bailey
  4219 | Bailey   | Noticed an orc knight
  4251 | Bailey   | Reached skill level 1 in Throwing
  4447 | Bailey   | Killed an orc knight
  4448 | Bailey   | Reached skill level 9 in Unarmed Combat
  4957 | D:7      | Got the Catalogue of Envenoming and Ignition
  4966 | Temple   | Entered the Ecumenical Temple
  5309 | Temple   | Became a worshipper of Warmaster Okawaru
  5441 | D:7      | Noticed a troll
  5456 | D:7      | Killed a troll
  5522 | D:7      | Found the +18 Lear's hauberk
  6049 | D:6      | HP: 4/80 [poisoned by an orc warrior]
  6050 | D:6      | Slain by an orc warrior

Illustrated notes

Levels and vault maps discovered:
D:1:      lemuel_arrival_tunnels, layout_basic, serial_shops,
          nicolae_diamond_shop, nicolae_shop_hallway_plus
D:2:      layout_basic, hellmonk_ecumenical_altar_prayer_group
D:3:      layout_rooms, uniq_grinder, uniq_crazy_yiuf_cottage, uniq_natasha,
          uniq_terence
D:4:      layout_rooms
D:5:      layout_loops_ring, kennysheep_mini_moat, serial_shops, shop_statue,
          hellmonk_ghost_happy_afterlife, kennysheep_boxes
D:6:      layout_basic, st_stairs_13, nicolae_shop_overcharged_wands,
          uniq_prince_ribbit1
D:7:      layout_loops_corners, minmay_temple_entry_glass, enter_bailey_4,
          hellmonk_guarded_unrand_lears
D:8:      layout_rooms, minmay_lair_entry_grove, serial_shops, shop_statue,
          minmay_crossroads
D:9:      layout_gridville
Temple:   mainiacjoe_temple_circle_huts

Skill      XL: |  1  2  3  4  5  6  7  8  9 |
---------------+----------------------------+-----
Dodging        | 2 3 4 5 6 |  6.2
Unarmed Combat | 3 5 7 8 9 |  9.4
Fighting       | 2 |  2.9
Armour         | 1 2 3 |  3.9
Shields        | 1 3 |  3.7
Throwing       | 2 |  2.0
Spellcasting   | |  1.7
Translocations | |  2.6

Action                   |  1- 3 |  4- 6 |  7- 9 || total
-------------------------+-------+-------+-------++-------
Melee: Unarmed           |    96 |    96 |   385 ||   577
       Punch             |     1 |     4 |     4 ||     9
Throw: Boomerang         |       |       |    22 ||    22
 Cast: Blink             |       |       |     1 ||     1
  Use: Scroll            |       |       |     5 ||     5
 Stab: Sleeping          |       |     1 |       ||     1
Armor: Robe              |    37 |    20 |       ||    57
       Fire dragon scale |       |     5 |   144 ||   149
Dodge: Dodged            |    49 |    37 |   195 ||   281
Block: Kite shield       |       |       |   182 ||   182
       Reflection        |       |       |     9 ||     9

Table legend: (Time is in decaauts)
 A = Elapsed time spent in this place.
 B = Non-inter-level travel time spent in this place.
 C = Inter-level travel time spent in this place.
 D = Time resting spent in this place.
 E = Time spent auto-exploring this place.
 F = Levels seen in this place.
 G = Mean time per level.
                   A        B        C        D        E       F      G
               +--------+--------+--------+--------+--------+-----+--------+
         Total |   6058 |   5706 |    352 |    231 |   3615 |  11 |  550.7 |
       Dungeon |   5161 |   4864 |    297 |    146 |   3209 |   9 |  573.4 |
        Temple |    362 |    307 |     55 |      0 |    284 |   1 |  362.0 |
        Bailey |    534 |    534 |      0 |     85 |    121 |   1 |  534.0 |
               +--------+--------+--------+--------+--------+-----+--------+

Top non-repeatable levels by time:
     D:7: 1084 daAuts
     D:5: 931 daAuts
     D:2: 848 daAuts
     D:1: 754 daAuts
     D:3: 690 daAuts
  Bailey: 534 daAuts
     D:4: 527 daAuts
  Temple: 362 daAuts
     D:6: 269 daAuts
     D:9: 35 daAuts
     D:8: 19 daAuts
